 Dungeon Crawl Stone Soup version 0.19-a0-1672-g679cadd (webtiles) character file.

119835 hairmachine the Warrior (level 16, -1/202 HPs)
             Began as a Black Draconian Monk on Sept 22, 2016.
             Was the Champion of Hepliaklqana.
             Slain by a hornet (7 damage)
             ... created by a shambling mangrove
             ... on level 1 of the Swamp.
             The game lasted 01:41:01 (33729 turns).

hairmachine the Warrior (Black Draconian Monk)     Turns: 33729, Time: 01:41:02

Health: -1/202     AC: 28    Str: 19    XL:     16   Next: 28%
Magic:  20/20      EV:  2    Int: 11    God:    Hepliaklqana [******]
Gold:   2274       SH: 19    Dex: 15    Spells: 0 memorised, 15 levels left

rFire  . . .     SeeInvis .     q - +5 long sword (slice)
rCold  + . .     Gourm    .     (armour unavailable)
rNeg   + + +     Faith    +     K - +0 large shield
rPois  +         Spirit   .     (helmet currently unavailable)
rElec  .         Dismiss  .     (cloak currently unavailable)
rCorr  .         Reflect  .     (gloves currently unavailable)
MR     +....     Harm     .     (boots currently unavailable)
Stlth  ++........ Clarity  +    Z - amulet of faith NoTele +
                                W - ring of poison resistance
                                s - ring of protection from cold

@: lethally poisoned (-1 -> -2), tree-form, grasped by roots, slowed, very slow
A: (breathe lightning), unfitting armour, reduced essence, (big wings), clarity,
(electricity resistance), (cold-blooded), AC +9
a: Recall Ancestor, Ancestor Identity, Transference, Idealise, Renounce Religion


You were on level 1 of the Swamp.
You worshipped Hepliaklqana.
Hepliaklqana was exalted by your worship.
You were very hungry.
You were a tree.
You visited 4 branches of the dungeon, and saw 23 of its levels.

You collected 2274 gold pieces.

Inventory:

Hand Weapons
 q - a +5 long sword of slicing (weapon)
 J - a +2 dagger of draining
Armour
 k - a +1 pair of gloves of dexterity (melded)
 o - a +1 pair of boots (melded)
 E - a +1 cloak (melded)
 H - a +2 hat of see invisible (melded)
 K - a +0 large shield (worn)
Jewellery
 s - a ring of protection from cold (left branch)
 O - an uncursed ring of protection from magic
 Q - a +3 ring of dexterity
 W - a ring of poison resistance (right branch)
 Y - a +3 ring of dexterity
 Z - an amulet of faith (around neck)
Wands
 f - a wand of iceblast (6/15)
 j - a wand of acid (2/15)
 t - a wand of enslavement (7/24)
 I - a wand of digging (9/24)
 M - a wand of paralysis (2/24)
 R - a wand of acid (5/15)
 S - a wand of heal wounds (0/9)
 T - a wand of disintegration (8/24)
 X - a wand of teleportation (0/9)
Scrolls
 a - 4 scrolls of fog
 c - 9 scrolls of identify
 e - 2 scrolls of noise {unknown}
 g - 7 scrolls of amnesia
 i - 4 scrolls of remove curse
 m - a scroll of enchant weapon
 p - 3 scrolls of fear
 r - 3 scrolls of enchant armour
 B - 2 scrolls of magic mapping
 U - a scroll of recharging
Potions
 h - 4 potions of lignification
 l - 5 potions of curing
 x - 3 potions of cancellation
 y - 2 potions of might {unknown}
 A - 2 potions of flight
 F - a potion of cure mutation {unknown}
 G - 2 potions of brilliance
 N - 4 potions of ambrosia
Miscellaneous
 D - a disc of storms
 V - a phial of floods
Comestibles
 b - 15 bread rations
 d - 41 fruits
 w - 7 meat rations
 C - a beef jerky
 L - 16 royal jellies


   Skills:
 + Level 15.7 Fighting
 - Level 14.2 Long Blades
 + Level 12.2 Dodging
 - Level 1.7 Stealth
 + Level 13.4 Shields
 - Level 6.3 Invocations
 - Level 4.2 Evocations


You had 15 spell levels left.
You didn't know any spells.

Dungeon Overview and Level Annotations

Branches:
Dungeon (15/15)            Temple (0/1) D:6            Lair (6/6) D:10
  Swamp (1/4) Lair:3       Spider (0/4) Lair:3        Slime (0/5) Lair:6
    Orc (1/2) D:9          Vaults (0/5) D:14         Depths (0/5) D:15

Altars:
Ashenzari
Cheibriados
Elyvilon
Hepliaklqana
Makhleb
Okawaru
Ru
Sif Muna
Trog
Vehumet
Xom
Yredelemnul
Zin
Jiyva

Shops:
D:4 %   D:5 :   D:9 :


Innate Abilities, Weirdness & Mutations

((You can breathe wild blasts of lightning.))
((Your glossy black scales are hard. (AC +9)))
Your body does not fit into most forms of armour.
((Your large and strong wings let you fly indefinitely.))
((You are resistant to electric shocks. (rElec)))
((You are cold-blooded and may be slowed by cold attacks.))
Your life essence is reduced. (-10% HP)
You possess an exceptional clarity of mind.


Message History

The hornet stings you.
* * * LOW HITPOINT WARNING * * *
You hit the shambling mangrove but do no damage.
The shambling mangrove is lightly damaged.
You feel sick. You block the spriggan rider's attack. The hornet stings you!
* * * LOW HITPOINT WARNING * * *
You feel yourself slow down. The hornet stings you.
* * * LOW HITPOINT WARNING * * *
You feel as though you will be slow longer.
The shambling mangrove hits you but does no damage.
You are too injured to fight recklessly!
You are too injured to fight recklessly!
You are too injured to fight recklessly!
You are too injured to fight recklessly!
You are too injured to fight recklessly!
You are too injured to fight recklessly!
You slash the shambling mangrove!
The shambling mangrove is moderately damaged.
The hornet stings you!
You die...

♣♣♣♣♣♣ ♣♣♣≈...♣♣♣♣♣
♣≈≈.≈≈...♣f♣♣ ♣≈.
♣..≈≈≈§≈yy.♣♣ ♣... ♣♣♣♣
♣♣.≈≈≈≈≈i≈≈≈.§.§≈.. §..
♣♣♣..♣♣♣♣≈≈..≈≈≈≈≈.v≈≈≈≈≈.
♣≈..
♣♣.≈.†...≈..≈♣.≈≈..♣♣≈≈≈≈≈≈
...
..≈≈≈..≈≈♣≈♣..≈..§♣♣v...≈≈≈
≈.
..≈≈≈....♣≈..≈≈♣♣♣≈...≈..≈.
. ≈..§≈≈.♣♣§.≈.♣♣♣
♣.≈≈v..≈≈. ♣ ≈..≈≈§....≈≈≈♣
♣♣.≈≈§v≈.≈. ♣


You could see a shambling mangrove, a spriggan rider, 2 hornets and an
insubstantial wisp.

Vanquished Creatures
  Gastronok (Lair:1)
  The ghost of crawlian the Devastator, a journeyman DEFE of Vehumet (D:13)
  Nessos (Lair:4)
  Josephine (D:12)
  A yaktaur captain (D:15)
  7 hydras
  A catoblepas (D:14)
  3 centaur warriors
  An ogre mage (D:14)
  2 alligators (Swamp:1)
  A tengu warrior (D:15)
  8 death yaks
  Urug (Lair:3)
  3 hill giants
  3 deep elf magi
  A lindwurm (Lair:4)
  Pikel (D:7)
  2 cyclopes (D:15)
  A hornet (Swamp:1)
  2 manticores
  4 ugly things (D:14)
  6 elephants
  21 spiny frogs
  4 black mambas
  A gargoyle (D:9)
  A torpor snail (Lair:3)
  3 centaur skeletons
  A yaktaur (D:15)
  3 komodo dragons
  3 meliai (D:14)
  2 trolls
  3 jumping spiders (Lair:3)
  A tengu conjurer (D:15)
  A meliai (shapeshifter) (D:15)
  3 two-headed ogres
  6 tyrant leeches
  10 hippogriffs
  3 slime creatures (D:12)
  20 blink frogs
  Prince Ribbit (D:9)
  2 water elementals (D:13)
  2 shadows (D:12)
  3 wyverns
  7 wraiths
  2 redbacks (Lair:3)
  55 yaks
  4 basilisks
  A vampire (D:12)
  3 fire bats (Lair:2)
  5 hungry ghosts
  A steam dragon (D:11)
  7 vampire mosquitoes
  2 insubstantial wisps (Swamp:1)
  2 swamp worms (Swamp:1)
  13 water moccasins
  2 soldier ants
  9 porcupines
  12 orc warriors
  3 swamp drakes (Swamp:1)
  2 ice beasts
  A black bear (D:8)
  2 sky beasts
  2 slaves (D:7)
  An eye of draining (D:8)
  A wasp (D:10)
  A phantom (D:10)
  5 wolves (Lair:2)
  8 ogres
  12 centaurs
  11 crocodiles
  A big kobold (D:9)
  26 bullfrogs
  2 elf zombies (D:7)
  A gnoll sergeant (D:8)
  A wyvern zombie (D:12)
  An elf skeleton (D:7)
  3 scorpions
  A water moccasin skeleton (D:9)
  19 killer bees
  17 wights
  3 electric eels (Lair:6)
  5 howler monkeys
  11 crimson imps
  9 centaur zombies
  2 bullfrog zombies
  A human zombie (D:7)
  6 jellies
  A gnoll shaman (D:7)
  8 hounds
  11 orc priests
  4 orc wizards
  4 bullfrog skeletons
  4 human skeletons (D:7)
  8 iguanas
  2 hell rats (Lair:1)
  12 worker ants
  A hound skeleton (D:11)
  3 hound zombies
  4 gnolls (D:7)
  4 howler monkey skeletons
  16 adders
  25 river rats
  3 shadow imps
  2 worms (D:2)
  A dart slug (D:2)
  7 leopard geckos
  32 orcs
  8 giant cockroaches
  5 hobgoblins
  16 jackals
  8 quokkas
  6 bats
  7 frilled lizards
  6 goblins
  A jackal skeleton (D:7)
  12 kobolds
  A leopard gecko skeleton (D:7)
  An orc skeleton (D:7)
  2 orc zombies (D:7)
  A quokka skeleton (D:5)
  9 rats
664 creatures vanquished.

Vanquished Creatures (collateral kills)
  A hydra (Swamp:1)
  A centaur warrior (D:15)
  An alligator (Swamp:1)
  2 death yaks (Lair:3)
  Sonja (D:13)
  A hill giant (D:10)
  The ghost of Tux the Insei, a novice MfTm (D:6)
  A cyclops (D:12)
  An elephant (Lair:6)
  6 spiny frogs
  A komodo dragon (Lair:2)
  A jumping spider (Lair:3)
  A tyrant leech (Lair:6)
  A polar bear (Lair:6)
  A queen bee (D:11)
  A two-headed ogre (D:14)
  3 blink frogs
  3 hippogriffs
  A slime creature (D:12)
  A centaur simulacrum (D:15)
  A shadow (D:15)
  A wyvern (D:15)
  A redback (Lair:3)
  4 yaks
  A fire bat (Lair:2)
  A mottled dragon (D:12)
  Menkaure (D:5)
  2 water moccasins
  2 orc warriors (D:9)
  2 sky beasts
  An ogre (D:8)
  A phantom (D:4)
  2 centaurs
  3 crocodiles
  2 big kobolds
  3 bullfrogs
  A gnoll sergeant (D:10)
  A scorpion (D:6)
  12 killer bees
  2 wights
  2 crimson imps
  2 orc priests
  2 orc wizards
  A centaur skeleton (D:8)
  2 iguanas
  5 worker ants
  A gnoll (D:7)
  7 river rats
  2 adders
  An ooze (D:3)
  A worm (D:3)
  A leopard gecko (D:5)
  9 orcs
  A giant cockroach (D:8)
  A goblin (D:2)
  2 jackals (D:8)
  3 kobolds (D:9)
  A fungus (D:13)
  A plant (Lair:6)
119 creatures vanquished.

Vanquished Creatures (others)
  A sky beast (D:9)
  A bullfrog (D:9)
  A killer bee (D:13)
  24 hexers
  2 orc wizards (D:9)
  A river rat (Lair:6)
  An orc (D:7)
  A bush (Lair:3)
  21 fungi
  33 plants
86 creatures vanquished.

Grand Total: 869 creatures vanquished

Notes
Turn   | Place    | Note
-------+----------+-------------------------------------------
     0 | D:1      | hairmachine the Draconian Monk began the quest for the Orb.
     0 | D:1      | Reached XP level 1. HP: 19/19 MP: 1/1
   236 | D:1      | Reached XP level 2. HP: 25/26 MP: 2/2
   919 | D:2      | Reached XP level 3. HP: 31/31 MP: 3/3
   997 | D:2      | Found a radiant altar of Vehumet.
  1544 | D:2      | Reached XP level 4. HP: 36/38 MP: 4/4
  1625 | D:2      | Reached skill level 5 in Long Blades
  1688 | D:2      | Found a snail-covered altar of Cheibriados.
  1865 | D:2      | Found a hazy altar of Hepliaklqana.
  1866 | D:2      | Found a shimmering altar of Xom.
  1866 | D:2      | Noticed a wyvern
  1867 | D:2      | Noticed a wyvern
  1867 | D:2      | Noticed a spectral ugly thing
  1870 | D:2      | Became a worshipper of Hepliaklqana
  1870 | D:2      | Reached * piety under Hepliaklqana
  1870 | D:2      | Reached ** piety under Hepliaklqana
  1970 | D:3      | Noticed a bullfrog
  1977 | D:3      | Killed a bullfrog
  1977 | D:3      | Reached XP level 5. HP: 31/40 MP: 5/5
  2136 | D:3      | Found a deep blue altar of Sif Muna.
  2143 | D:3      | Found a white marble altar of Elyvilon.
  2443 | D:3      | Found a bloodstained altar of Trog.
  2549 | D:3      | Found a glowing silver altar of Zin.
  2991 | D:4      | Reached *** piety under Hepliaklqana
  3005 | D:4      | Reached XP level 6. HP: 37/45 MP: 6/6
  3197 | D:4      | Found a burning altar of Makhleb.
  3447 | D:4      | Found Plog's Food Shoppe.
  3888 | D:5      | Entered Level 5 of the Dungeon
  3911 | D:5      | Noticed a water moccasin
  3920 | D:5      | Killed a water moccasin
  3920 | D:5      | Your scales start taking on a glossy black colour.
  3920 | D:5      | Reached XP level 7. HP: 42/51 MP: 7/7
  3920 | D:5      | Gained mutation: You are resistant to electric shocks. (rElec) [Black Draconian growth]
  4162 | D:5      | Noticed Menkaure
  4168 | D:5      | Reached skill level 4 in Fighting
  4171 | D:5      | Killed Menkaure
  4336 | D:5      | Found a shattered altar of Ashenzari.
  4464 | D:5      | Reached XP level 8. HP: 60/60 MP: 8/8
  4672 | D:5      | Found Kuqe's Book Emporium.
  4707 | D:5      | Reached skill level 5 in Fighting
  4822 | D:5      | Found a burning altar of Makhleb.
  4865 | D:5      | Reached **** piety under Hepliaklqana
  5228 | D:6      | Noticed Tux's ghost (novice MfTm)
  5276 | D:6      | Killed Tux's ghost
  5276 | D:6      | Reached skill level 6 in Fighting
  5276 | D:6      | Reached skill level 5 in Dodging
  5591 | D:6      | Reached XP level 9. HP: 70/70 MP: 9/9
  5674 | D:6      | Found a staircase to the Ecumenical Temple.
  5765 | D:6      | Remembered your ancestor Zolin as a hexer
  6138 | D:6      | Reached skill level 10 in Long Blades
  6753 | D:7      | Noticed Pikel
  6772 | D:7      | Killed Pikel
  6772 | D:7      | Reached skill level 7 in Fighting
  6790 | D:7      | Found a basalt altar of Yredelemnul.
  7283 | D:7      | Reached ***** piety under Hepliaklqana
  7850 | D:8      | Reached skill level 8 in Fighting
  7852 | D:8      | Reached XP level 10. HP: 74/79 MP: 12/12
  8037 | D:8      | Found a sacrificial altar of Ru.
  8425 | D:8      | Reached skill level 1 in Shields
  8883 | D:9      | Found Miuzeps's Book Shoppe.
  9054 | D:9      | Found a shimmering altar of Xom.
  9156 | D:9      | Noticed Prince Ribbit
  9162 | D:9      | Killed Prince Ribbit
  9865 | D:9      | Found a staircase to the Orcish Mines.
 10405 | D:9      | Noticed a gargoyle
 10417 | D:9      | Killed a gargoyle
 10575 | D:10     | Entered Level 10 of the Dungeon
 10791 | D:10     | Noticed a hill giant
 10865 | D:9      | Reached XP level 11. HP: 20/84 MP: 14/14
 11224 | D:10     | Found a staircase to the Lair.
 11243 | Lair:1   | Entered Level 1 of the Lair of Beasts
 11514 | Lair:1   | Reached skill level 1 in Invocations
 11722 | Lair:1   | Noticed Gastronok
 11740 | Lair:1   | Killed Gastronok
 11740 | Lair:1   | Reached skill level 5 in Shields
 11982 | Lair:1   | Reached skill level 9 in Fighting
 12435 | Lair:2   | Noticed a six-headed hydra
 12451 | Lair:2   | HP: 4/87 [six-headed hydra (4)]
 12455 | Lair:2   | Reached ****** piety under Hepliaklqana
 13176 | Lair:2   | Noticed a six-headed hydra
 13186 | Lair:2   | Killed a six-headed hydra
 14516 | Lair:2   | Killed a six-headed hydra
 14516 | Lair:2   | Reached skill level 10 in Fighting
 14516 | Lair:2   | Reached XP level 12. HP: 88/95 MP: 15/15
 15332 | Lair:3   | Found a staircase to the Swamp.
 15792 | Lair:3   | Found a hole to the Spider Nest.
 15807 | Lair:3   | HP: 3/96 [jumping spider (16)]
 16145 | Lair:3   | Noticed Urug
 16151 | Lair:3   | Noticed a five-headed hydra
 16264 | Lair:3   | Killed Urug
 16366 | Lair:3   | Killed a five-headed hydra
 16725 | Lair:3   | Reached skill level 11 in Fighting
 17095 | Lair:3   | Noticed a death yak
 17191 | Lair:3   | Killed a death yak
 17518 | Lair:3   | Noticed a death yak
 17518 | Lair:3   | Noticed a death yak
 17554 | Lair:3   | Noticed a death yak
 17556 | Lair:3   | Noticed a death yak
 17558 | Lair:3   | Noticed a death yak
 17564 | Lair:3   | Killed a death yak
 18551 | D:11     | Found an iron altar of Okawaru.
 18804 | D:11     | Reached XP level 13. HP: 86/105 MP: 16/16
 19191 | D:11     | Reached skill level 12 in Fighting
 19782 | D:12     | Noticed Josephine
 19798 | D:12     | Killed Josephine
 19817 | D:12     | HP: 5/107 [wraith[Josephine] (14)]
 20611 | D:12     | Reached skill level 10 in Shields
 21516 | Lair:3   | Reached skill level 5 in Invocations
 22660 | Lair:4   | Noticed Nessos
 22679 | Lair:4   | Killed Nessos
 22679 | Lair:4   | Reached skill level 13 in Fighting
 23364 | Lair:4   | Gained mutation: Your large and strong wings let you fly indefinitely. [Black Draconian growth]
 23364 | Lair:4   | Reached XP level 14. HP: 30/116 MP: 18/18
 24873 | Lair:5   | Reached skill level 10 in Dodging
 24873 | Lair:5   | Reached XP level 15. HP: 94/123 MP: 19/19
 24929 | Lair:5   | Reached skill level 14 in Fighting
 25589 | Lair:6   | Entered Level 6 of the Lair of Beasts
 26251 | Lair:6   | Gained mutation: You possess an exceptional clarity of mind. [potion of beneficial mutation]
 28141 | Lair:6   | Found a staircase to the Slime Pits.
 28142 | Lair:6   | Found a viscous altar of Jiyva.
 28472 | Orc:1    | Entered Level 1 of the Orcish Mines
 28531 | Orc:1    | Noticed an orc warlord
 28665 | D:13     | Noticed Sonja
 28676 | D:13     | Killed Sonja
 29066 | D:13     | Found an iron altar of Okawaru.
 29095 | D:13     | Noticed crawlian's ghost (journeyman DEFE)
 29115 | D:13     | Killed crawlian's ghost
 30063 | D:14     | Reached skill level 15 in Fighting
 30823 | D:14     | Found a gate to the Vaults.
 30909 | D:15     | Entered Level 15 of the Dungeon
 31190 | D:15     | Reached XP level 16. HP: 134/134 MP: 20/20
 31218 | D:15     | Found a deep blue altar of Sif Muna.
 32408 | D:15     | Found a staircase to the Depths.
 32894 | Swamp:1  | Entered Level 1 of the Swamp
 33045 | Swamp:1  | Noticed a Brimstone Fiend
 33728 | Swamp:1  | HP: 5/202 [hornet[a shambling mangrove] (6)]
 33729 | Swamp:1  | Slain by a hornet

Vault maps used:
D:1:      minmay_arrival_split_and_join
D:2:      minmay_kobold_bridge, regret_index_temple_of_mockery,
          marbit_many_paths, vehumet_crystals, minmay_domino_4
D:3:      lemuel_round_altar, lemuel_round_altar, minitemple, nrook_mini_vaults
D:4:      wad_woods_stonehenge, serial_shops, kennysheep_mini, first_bread
D:5:      makhleb_heckhound_becter, kennysheep_mini_moat, serial_shops, shop,
          uniq_menkaure
D:6:      kennysheep_generic_room_5
D:7:      yredelemnul_altar_generic, nicolae_ossuary_entry_catacombs,
          minmay_misc_feat_iff, uniq_pikel
D:8:      lemuel_doored_altar, blue_anna_alchemist, minmay_misc_feat_encased,
          kennysheep_kite_vault
D:9:      david_orc_4, serial_shops, shop_fountains, xom_confusion_cloud,
          uniq_prince_ribbit1
D:10:     lair_0_dummy, minmay_joined_circles
D:11:     david_defended_altar_elf
D:12:     uniq_josephine
D:13:     minmay_item_behind_shaft, fungi_pond_lemuel,
          okawaru_ov_weapons_minmay, uniq_sonja
D:14:     david_vaults_2
D:15:     grunt_enter_depths_snipers, minmay_misc_feat_five, basic_altar,
          st_stairs_8
Lair:1:   kennysheep_rathole, grunt_megastairs_2, uniq_gastronok
Lair:2:   st_stairs_8
Lair:3:   swamp_mist, nicolae_spider_entry_tight_spaces, grunt_megastairs_3,
          uniq_urug
Lair:4:   uniq_nessos
Lair:5:   patterned_corridor, lemuel_fruit_tree, infiniplex_staircase_pool
Lair:6:   minmay_lair_end_frog_pond, slime_altar_1
Swamp:1:  nicolae_swamp_treefoil
Orc:1:    enter_bailey_2, uniq_erica

Skill      XL: |  1  2  3  4  5  6  7  8  9 10 11 12 13 14 15 16 |
---------------+-------------------------------------------------+-----
Long Blades    | 4 5 6 8 9 10 11 12 13 14 | 14.2
Dodging        | 3 5 6 8 9 10 11 12 | 12.2
Fighting       | 4 6 8 10 11 13 15 | 15.7
Evocations     | 3 4 |  4.2
Shields        | 4 6 9 10 11 12 13 | 13.4
Invocations    | 4 6 |  6.3
Stealth        | |  1.7

Action                   |  1- 3 |  4- 6 |  7- 9 | 10-12 | 13-15 | 16-18 || total
-------------------------+-------+-------+-------+-------+-------+-------++-------
Melee: Falchion          |   118 |    34 |       |       |       |       ||   152
       Tailslap          |    12 |    19 |    52 |   161 |   310 |    58 ||   612
       Long sword        |       |   134 |   354 |  1027 |  1515 |   280 ||  3310
       Dagger            |       |       |       |       |    16 |     4 ||    20
Throw: Javelin           |       |       |       |     3 |       |       ||     3
       Throwing net      |       |       |       |       |     1 |       ||     1
Invok: Recall Ancestor   |       |       |     1 |     3 |     2 |       ||     6
       Ancestor Life: He |       |       |     1 |       |       |       ||     1
       Idealise          |       |       |       |       |     1 |       ||     1
 Abil: Breathe Lightning |       |       |       |     2 |       |       ||     2
       Fly               |       |       |       |       |       |     1 ||     1
Evoke: Wand              |       |       |       |    25 |    21 |     8 ||    54
       Disc of storms    |       |       |       |       |       |     1 ||     1
  Use: Potion            |     1 |       |     1 |     5 |     9 |     3 ||    19
       Scroll            |       |       |     5 |    20 |    15 |     7 ||    47
 Stab: Sleeping          |     1 |     4 |     4 |     9 |     3 |     1 ||    22
       Distracted        |       |     1 |     5 |    16 |    15 |     3 ||    40
       Confused          |       |       |     3 |    13 |    32 |     4 ||    52
       Paralysed         |       |       |       |       |    38 |    13 ||    51
  Eat: Chunk             |     2 |     8 |     6 |    35 |    30 |     9 ||    90
       Bread ration      |       |       |     1 |       |       |       ||     1
       Pizza             |       |       |       |     2 |     2 |       ||     4
       Royal jelly       |       |       |       |       |     4 |       ||     4
       Beef jerky        |       |       |       |       |     1 |       ||     1
Armor: Skin              |    35 |    30 |    85 |   183 |   238 |    49 ||   620
Dodge: Dodged            |    66 |    78 |   172 |   327 |   428 |   122 ||  1193
Block: Large shield      |       |       |       |   611 |   946 |   253 ||  1810
